 Dungeon Crawl Stone Soup version 0.26.1-11-gd32895ea62 (webtiles) character file.

Game seed: 7460621238563321964

476 Almogavar the Slasher (level 6, -3/56 HPs)
             Began as a Minotaur Berserker on June 5, 2021.
             Was a Priest of Trog.
             Killed from afar by an orc wizard (5 damage)
             ... with a puff of flame
             ... on level 4 of the Dungeon.
             The game lasted 00:06:27 (3191 turns).

Almogavar the Slasher (Minotaur Berserker)          Turns: 3191, Time: 00:06:30

Health: -3/56      AC:  3    Str: 20 (23) XL:     6   Next: 84%
Magic:  14/14      EV: 13    Int:  1 (4)  God:    Trog [***...]
Gold:   306        SH:  0    Dex:  9 (10) Spells: 5/5 levels left

rFire    . . .     SeeInvis .   a - +0 falchion
rCold    . . .     Faith    +   (no shield)
rNeg     . . .     Spirit   .   j - +0 leather armour
rPois    .         Reflect  .   (helmet restricted)
rElec    .         Harm     .   (no cloak)
rCorr    +         Rampage  .   (no gloves)
Will     .....                  (no boots)
Stlth    +.........             f - amulet of faith
HPRegen  0.18/turn              o - ring of magical power
MPRegen  0.14/turn              m - ring of resist corrosion

@: confused
A: retaliatory headbutt, horns 2
a: Renounce Religion, Berserk, Trog's Hand


You were on level 4 of the Dungeon.
You worshipped Trog.
Trog was most pleased with you.
You visited 1 branch of the dungeon, and saw 4 of its levels.

You collected 306 gold pieces.

Inventory:

Hand Weapons
 a - a +0 falchion (weapon)
Missiles
 d - 113 stones
 g - 39 sling bullets
 q - 38 bolts
Armour
 c - a +0 ring mail
 j - a +0 leather armour (worn)
 p - a +0 scale mail
Jewellery
 f - an amulet of faith (around neck)
 m - a ring of resist corrosion (right hand)
 o - a ring of magical power (left hand)
Wands
 x - a wand of iceblast (9)
Scrolls
 b - a scroll of teleportation
 e - 3 scrolls of magic mapping
 i - 3 scrolls of remove curse
 k - a scroll of fear {unknown}
 l - a scroll of fog {unknown}
 w - a scroll of enchant weapon {unknown}
Potions
 h - 2 potions of degeneration
 n - a potion of resistance {unknown}
 r - a potion of mutation {unknown}
 s - a potion of heal wounds {unknown}
 t - a potion of might
 u - a potion of magic {unknown}
 v - a potion of flight {unknown}


   Skills:
 + Level 5.2 Fighting
 + Level 6.8 Long Blades
 + Level 4.0 Armour
 + Level 3.9 Dodging
 - Level 0.6 Stealth


You had 5 spell levels left.
You didn't know any spells.
Your spell library was empty.

Dungeon Overview and Level Annotations

Branches:
Dungeon (4/15)
 Temple: D:4-7

Altars:
Hepliaklqana


Innate Abilities, Weirdness & Mutations

You reflexively headbutt those who attack you in melee.
You have a pair of horns on your head.


Message History

You miss the orc wizard. The orc wizard barely misses you.
The orc wizard casts a spell at you. The magic dart hits you.
The orc wizard hits you but does no damage.
Okay, then.
You're too confused to move!
You feel yourself speed up.
The orc wizard points at you and mumbles some strange words.
The magic dart hits you!
* * * LOW HITPOINT WARNING * * *
The orc wizard casts a spell at you. The magic dart hits you!
* * * LOW HITPOINT WARNING * * *
It was a potion of degeneration.
There was something very wrong with that liquid.
You feel weakened.
You feel dopey.
You feel clumsy. The orc wizard misses you.
The orc wizard gestures at you while chanting.
The puff of flame hits you.
You die...

....... ....... ##
#....### #.#... ..
#......###.###. ...
##P≈......#.#...
...####..≈≈≈..........
.....)..≈≈≈≈≈≈.###..##
#....#.≈≈≈≈P#####..#
#..#..........#.##
#@o.....#.##....†.
#o.###.##..#..#.#.
#)......#..## ####
....###......####.^
......##...##..#.#...
.>#.....###.##....>....
. ##.....#.............
#...................
##...... #..........


You could see 2 orc wizards.

Vanquished Creatures
  Grinder (D:3)
  A bullfrog zombie (D:4)
  A centaur zombie (D:4)
  An orc wizard (D:4)
  A centaur skeleton (D:4)
  A hound zombie (D:4)
  A hound skeleton (D:4)
  4 adders
  An ooze (D:1)
  An adder zombie (D:4)
  2 worms (D:3)
  A dart slug (D:1)
  3 leopard geckos
  7 orcs
  9 bats
  5 giant cockroaches
  5 goblins
  7 hobgoblins
  2 jackals (D:2)
  3 quokkas
  A ball python (D:3)
  6 frilled lizards
  A jackal skeleton (D:4)
  2 kobolds
  A leopard gecko zombie (D:4)
  A quokka zombie (D:4)
  8 rats
77 creatures vanquished.

Notes
Turn   | Place    | Note
-------+----------+-------------------------------------------
     0 | D:1      | Almogavar the Minotaur Berserker began the quest for the
                  | Orb.
     0 | D:1      | Reached XP level 1. HP: 19/19 MP: 0/0
    90 | D:1      | Reached XP level 2. HP: 26/27 MP: 1/1
   144 | D:1      | Reached skill level 4 in Long Blades
   989 | D:2      | Reached XP level 3. HP: 27/33 MP: 2/2
  1203 | D:2      | Reached ** piety under Trog
  1324 | D:2      | Reached XP level 4. HP: 40/40 MP: 3/3
  1854 | D:3      | Noticed Grinder
  1856 | D:3      | Found a hazy altar of Hepliaklqana.
  1864 | D:3      | Reached skill level 5 in Long Blades
  1864 | D:3      | Killed Grinder
  1865 | D:3      | Reached skill level 6 in Long Blades
  1865 | D:3      | Reached XP level 5. HP: 19/47 MP: 4/4
  1865 | D:3      | Reached XP level 6. HP: 23/55 MP: 5/5
  2640 | D:4      | Reached *** piety under Trog
  2649 | D:4      | Reached skill level 5 in Fighting
  3190 | D:4      | HP: 2/56 [orc wizard/magic dart (8)]
  3191 | D:4      | Killed from afar by an orc wizard

Illustrated notes

Levels and vault maps discovered:
D:1:      matt_arrival_diagonals, layout_loops_ring
D:2:      layout_basic, minmay_misc_feat_room
D:3:      layout_rooms, overflow_temple_1_default, uniq_grinder
D:4:      layout_cave_pools, minmay_temple_entry_poolview, serial_undead,
          serial_undead_d, serial_undead_b, serial_undead_a, serial_undead_f,
          lightli_corner_chamber

Skill      XL: |  1  2  3  4  5  6 |
---------------+-------------------+-----
Long Blades    | 4 6 |  6.8
Fighting       | 4 5 |  5.2
Dodging        | 3 |  3.9
Armour         | 3 4 |  4.0
Stealth        | |  0.6

Action                   |  1- 3 |  4- 6 || total
-------------------------+-------+-------++-------
Melee: Falchion          |    71 |   104 ||   175
       Headbutt          |     6 |    21 ||    27
Invok: Berserk           |     1 |     1 ||     2
  Use: Scroll            |     1 |     4 ||     5
       Potion            |       |     1 ||     1
 Stab: Sleeping          |       |     1 ||     1
Armor: Animal skin       |    12 |       ||    12
       Leather armour    |     4 |    12 ||    16
Dodge: Dodged            |    56 |    64 ||   120
       Rpst.: Falchion   |     8 |    15 ||    23
